 Dungeon Crawl Stone Soup version 0.29-a0-414-g5075937ec3 (webtiles) character file.

Game seed: 8087879235977438522

173243 petercordia7 the Fencer (level 18, -6/130 HPs)
             Began as a Djinni Warper on Apr 19, 2022.
             Was the Champion of Makhleb.
             Mangled by a +3 vampiric lajatang (32 damage)
             ... on level 2 of the Elven Halls on May 15, 2022.
             The game lasted 01:53:20 (29668 turns).

petercordia7 the Fencer (Djinni Warper)            Turns: 29668, Time: 01:53:21

Health: -6/130     AC: 16    Str: 11    XL:     18   Next: 69%
Gold:   2829       EV: 21    Int: 16    God:    Makhleb [******] SH:  0 Dex: 14

rFire   + . .      SeeInvis +   a - +11 triple sword "Gost" {speed, Str+3}
rCold   + . .      Faith    .   (shield currently unavailable)
rNeg    + + .      Spirit   .   m - +3 steam dragon scales of the Garden {Will++ Dex-4 Slay+5}
rPois   ∞          Reflect  .   E - +0 helmet
rElec   +          Harm     .   P - +2 cloak
rCorr   .          Rampage  .   g - +0 pair of gloves "Liwedgh Sido" {rElec rPois rC+ Str-4}
Will    +++..                   (boots unavailable)
Stlth   +++.......              M - amulet of regeneration
HPRegen 1.11/turn               i - ring of see invisible
MPRegen 0.00/turn               X - ring of Waprogg {rPois rF- rC+ rN++ EV+4}

@: flying, studying Fighting
A: sickness immunity, fire resistance 2, cold vulnerability 1, float, innate
caster, HP casting, extra vitality 1
a: Renounce Religion, Minor Destruction, Lesser Servant of Makhleb, Major
Destruction, Greater Servant of Makhleb


You were on level 2 of the Elven Halls.
You worshipped Makhleb.
Makhleb was exalted by your worship.
You visited 4 branches of the dungeon, and saw 24 of its levels.
You also visited: Trove, Sewer, Bailey and Gauntlet.

You collected 3229 gold pieces.
You spent 400 gold pieces at shops.

Inventory:

Hand Weapons
 a - the +11 triple sword "Gost" (weapon) {speed, Str+3}
   (You found it in a treasure trove)

   Attacks with this weapon are significantly faster.
   Str:       It affects your strength (+3).
 b - a +9 triple sword of holy wrath
 u - the +3 great sword of Kehoxt {flame, Will+}
   (You found it in a treasure trove)

   It burns those it strikes, dealing additional fire damage.
   Big, fiery blades are also staple armaments of hydra-hunters.
   Will:      It increases your willpower.
Missiles
 d - 7 boomerangs of dispersal
 U - 2 throwing nets
Armour
 g - the +0 pair of gloves "Liwedgh Sido" (worn) {rElec rPois rC+ Str-4}
   (You found it in a Gauntlet)

   Str:       It affects your strength (-4).
   rC:        It protects you from cold.
   rElec:     It insulates you from electricity.
   rPois:     It protects you from poison.
 m - the +3 steam dragon scales of the Garden (worn) {Will++ Dex-4 Slay+5}
   (You took it off a gnoll on level 11 of the Dungeon)

   Dex:       It affects your dexterity (-4).
   Slay:      It affects your accuracy & damage with ranged weapons and melee
   (+5).
   Will:      It greatly increases your willpower.
 t - a scarf of harm
 E - a +0 helmet (worn)
 P - a +2 cloak (worn)
Jewellery
 i - a ring of see invisible (left hand)
 n - the amulet of Uhor {Spirit rF+ rN++}
   (You found it on level 4 of the Lair of Beasts)

   [amulet of guardian spirit]

   It causes incoming damage to be divided between your reserves of health and
   magic.
   rF:        It protects you from fire.
   rN:        It greatly protects you from negative energy.
 p - the ring of Doubts {Will+ Str+4 Int-3 Dex+3}
   (You found it on level 4 of the Lair of Beasts)

   [ring of willpower]

   Str:       It affects your strength (+4).
   Int:       It affects your intelligence (-3).
   Dex:       It affects your dexterity (+3).
   Will:      It increases your willpower.
 D - a +6 ring of dexterity
 M - an amulet of regeneration (around neck)
 N - a ring of positive energy
 X - the ring of Waprogg (right hand) {rPois rF- rC+ rN++ EV+4}
   (You found it on level 14 of the Dungeon)

   [ring of evasion]

   EV:        It affects your evasion (+4).
   rF:        It makes you vulnerable to fire.
   rC:        It protects you from cold.
   rPois:     It protects you from poison.
   rN:        It greatly protects you from negative energy.
Wands
 w - a wand of iceblast (8)
 x - a wand of acid (4)
 G - a wand of charming (8)
 O - a wand of flame (60)
 Q - a wand of paralysis (12)
 T - a wand of mindburst (15)
Scrolls
 c - 6 scrolls of vulnerability
 e - 7 scrolls of blinking
 f - 5 scrolls of teleportation
 h - a scroll of brand weapon
 o - 7 scrolls of enchant armour
 q - 3 scrolls of enchant weapon
 r - a scroll of holy word
 y - a scroll of poison
 A - 8 scrolls of magic mapping
 F - 4 scrolls of fear
 J - 7 scrolls of fog
 K - 4 scrolls of summoning
 L - 2 scrolls of torment
 Y - 2 scrolls of immolation
Potions
 j - 8 potions of curing
 k - 7 potions of attraction
 s - 5 potions of cancellation
 v - 2 potions of resistance
 z - 6 potions of might
 B - 2 potions of heal wounds
 C - 5 potions of haste
 H - 3 potions of mutation
 I - 3 potions of invisibility
 R - 2 potions of brilliance
 S - 2 potions of lignification
 V - 4 potions of berserk rage
Miscellaneous
 l - a phantom mirror
 W - a box of beasts
 Z - a phial of floods


   Skills:
 * Level 11.8 Fighting
 * Level 16.2 Long Blades
 - Level 0.7 Throwing
 * Level 10.7 Armour
 * Level 11.1 Dodging
 + Level 5.9 Stealth
 - Level 14.2 Spellcasting
 - Level 4.0 Invocations


You couldn't memorise any spells.
You knew the following spells:

 Your Spells              Type           Power      Damage    Failure   Level
a - Summon Small Mammal   Summ           100%       N/A       1%          1
b - Blink                 Tloc           100%       N/A       1%          2
c - Iskenderun's Mystic   Conj/Tloc      54%        2d12      1%          4
d - Dispersal             Tloc           27%        N/A       2%          6
e - Gell's Gravitas       Tloc           54%        N/A       1%          3
f - Poisonous Vapours     Pois/Air       100%       N/A       1%          2
g - Lesser Beckoning      Tloc           54%        N/A       1%          3
h - Portal Projectile     Hex/Tloc       100%       N/A       1%          3
i - Irradiate             Conj/Tmut      27%        3d22      1%          5
j - Teleport Other        Tloc           54%        N/A       1%          3
k - Summon Cactus Giant   Summ           27%        N/A       2%          6
m - Manifold Assault      Tloc           54%        N/A       1%          5
r - Olgreb's Toxic Radia  Pois           54%        N/A       1%          4
Your spell library was empty.

Dungeon Overview and Level Annotations

Branches:
Dungeon (14/15)            Temple (0/1) D:5            Lair (6/6) D:9
  Swamp (0/4) Lair:4        Snake (0/4) Lair:3        Slime (0/5) Lair:5
    Orc (2/2) D:12            Elf (2/3) Orc:2        Vaults (0/5) D:14
  Sewer (visited)          Bailey (visited)         Gauntlet (visited)

Altars:
Elyvilon
Fedhas
Kikubaaqudgha
Makhleb
Nemelex Xobeh
Qazlal
Vehumet
Wu Jian
Xom
Zin
The Shining One
Beogh

Shops:
D:14 [   Orc:2 *[([   Elf:1 *

Annotations:
D:9 3 runed translucent doors
Elf:1 1 runed translucent door, Sat's ghost, journeyman HOBe
Elf:2 Donald


Innate Abilities, Weirdness & Mutations

You are immune to sickness and miasma.
You are immune to poison.
Your flesh is very heat resistant. (rF++)
You are vulnerable to cold. (rC-)
You float through the air rather than walking.
You learn spells naturally, not from books.
Your magical power is your life essence.
You have superior vitality. (+4 MHP)


Message History

You slice Donald!!
Donald is severely wounded.
Your toxic aura wanes.
Donald hits you but does no damage. Donald blocks your attack.
Donald is severely wounded.
The +7 scimitar of flaming hits you! Donald closely misses you.
Unknown command.
Space momentarily warps into an impossible shape!
You completely miss the +3 vampiric lajatang.
Donald blocks your attack.
You slash the +7 scimitar of flaming! The +7 scimitar of flaming hits you!!
The +7 scimitar of flaming burns you. Donald barely misses you.
Unknown command.
Unknown command.
You are too injured to fight recklessly!
Unknown command.
Unknown command.
Casting: Manifold Assault (mildly dangerous; 1% risk of failure)
Confirm with . or Enter, or press ? or * to list all spells.
Space momentarily warps into an impossible shape!
You slash the +3 vampiric lajatang!
You barely miss the +7 scimitar of flaming.
Donald blocks your attack.
* * * LOW HITPOINT WARNING * * *
The +7 scimitar of flaming completely misses you.
The +3 vampiric lajatang misses you. Donald hits you with a +0 broad axe!
* * * LOW HITPOINT WARNING * * *
Unknown command.
Unknown command.
Casting: Manifold Assault (mildly dangerous; 1% risk of failure)
Confirm with . or Enter, or press ? or * to list all spells.
Space momentarily warps into an impossible shape!
You slice the +7 scimitar of flaming!!
The +7 scimitar of flaming falls from the air.
Makhleb accepts your kill.
You miss the +3 vampiric lajatang. You hit Donald but do no damage.
* * * LOW HITPOINT WARNING * * *
The +3 vampiric lajatang hits you!!
You die...

...#
##................
..##
#...)..)...........
###
##...).............
#
##....)...........
#...#............
#...###...........
#...## ##.........#
##... ##...........
##. #....@(......
........@)......
................
............)..).
..............)..
#.............)..
................
..............)


You could see Donald (fast, very poisoned) and a +3 vampiric lajatang.

Vanquished Creatures
  A deep elf blademaster (Elf:2)
  2 deep elf sorcerers (Elf:1)
  3 orc warlords
  3 minotaurs
  A deep elf annihilator (Elf:1)
  2 deep elf death magi
  A deep elf high priest (Elf:1)
  2 fire dragons (Lair:6)
  Josephine (Orc:1)
  Erolcha (Orc:2)
  A vault guard (D:14)
  7 hydras
  4 boulder beetles
  3 catoblepae
  6 centaur warriors
  5 death knights
  5 two-headed ogres
  12 dancing weapons
  4 death yaks (D:11)
  3 orc high priests (Elf:1)
  2 skeletal warriors (D:14)
  17 deep elf knights
  A fire crab (Gauntlet)
  2 wizards (D:14)
  An orange crystal statue (Elf:1)
  5 lindwurms
  8 deep elf archers
  A swamp dragon (Lair:6)
  A necromancer (D:14)
  2 oklob plants (Lair:1)
  2 orc knights (Orc:1)
  18 deep elf zephyrmancers
  31 deep elf pyromancers
  10 ugly things
  3 manticores
  4 orc sorcerers
  A manticore (shapeshifter) (D:14)
  A cyclops (D:12)
  4 elephants (Lair:6)
  A black mamba (shapeshifter) (D:14)
  5 black mambas (Lair:6)
  12 cane toads
  5 gargoyles
  An efreet (D:14)
  5 torpor snails (Lair:6)
  11 komodo dragons
  3 kobold demonologists (D:14)
  4 rime drakes
  9 yaktaurs (D:11)
  2 tormentors (D:14)
  A freezing wraith (D:13)
  3 trolls
  A polar bear (Lair:3)
  A raiju (Gauntlet)
  3 slime creatures (D:13)
  A meliai (shapeshifter) (D:14)
  5 tyrant leeches
  9 hornets
  13 blink frogs
  A blink frog (shapeshifter) (Elf:2)
  5 vampires
  3 air elementals
  49 yaks
  3 fire elementals (Elf:1)
  4 wyverns
  13 wraiths
  3 water elementals (Elf:2)
  4 basilisks
  20 humans (D:14)
  3 chaos spawn (Gauntlet)
  A hog (shapeshifter) (D:14)
  6 vampire mosquitoes
  4 fire bats (Gauntlet)
  5 steam dragons
  2 swamp worms (Lair:4)
  4 nagas (Lair:3)
  A warg (Orc:2)
  11 water moccasins
  2 acid dragons
  A hell hound (Gauntlet)
  38 orc warriors
  3 swamp drakes (Lair:6)
  An ice beast (D:7)
  4 black bears
  A hornet zombie (D:8)
  A sky beast (D:6)
  8 centaurs
  3 ogres
  12 wolves
  A boggart (D:14)
  A phantom (D:5)
  2 kobold brigands (D:14)
  14 bullfrogs
  6 necrophages
  3 gnoll sergeants
  5 earth elementals
  3 scorpions (D:5)
  8 wights (D:8)
  10 killer bees
  14 electric eels
  A howler monkey (D:5)
  A centaur zombie (D:8)
  5 jellies
  A hound (D:5)
  26 orc priests
  Jessica (D:3)
  4 iguanas
  23 orc wizards
  A killer bee zombie (D:8)
  28 gnolls
  9 adders
  A river rat (D:4)
  3 shadow imps
  3 ufetubi
  5 worms
  111 orcs
  15 endoplasms
  20 giant cockroaches
  14 goblins
  10 hobgoblins
  4 jackals
  10 quokkas
  18 ball pythons
  7 bats
  14 frilled lizards
  21 kobolds
  8 rats
923 creatures vanquished.

Vanquished Creatures (collateral kills)
  2 jellies (D:6)
  A dart slug (D:1)
  An endoplasm (D:4)
  A ball python (D:4)
  A frilled lizard (D:2)
6 creatures vanquished.

Vanquished Creatures (others)
  A bush (Lair:3)
  14 demonic plants (Gauntlet)
  25 fungi
  80 plants
  3 withered plants (D:8)
123 creatures vanquished.

Grand Total: 1052 creatures vanquished

Notes
Turn   | Place    | Note
-------+----------+-------------------------------------------
     0 | D:1      | petercordia7 the Djinni Warper began the quest for the Orb.
     0 | D:1      | Reached XP level 1. HP: 18/18 MP: 0/0
    19 | D:1      | Reached skill level 2 in Long Blades
   461 | D:1      | Reached XP level 2. HP: 17/23 MP: 0/0
  1140 | D:1      | Reached XP level 3. HP: 24/28 MP: 0/0
  1140 | D:1      | Learned a level 1 spell: Summon Small Mammal
  1548 | D:1      | Found a faded altar of an unknown god.
  2004 | D:2      | Reached XP level 4. HP: 34/34 MP: 0/0
  2015 | D:2      | Found a burning altar of Makhleb.
  2025 | D:2      | Became a worshipper of Makhleb the Destroyer
  2675 | D:3      | Found a sparkling altar of Nemelex Xobeh.
  2683 | D:3      | Noticed Jessica
  2910 | D:3      | Killed Jessica
  2911 | D:3      | Reached XP level 5. HP: 35/39 MP: 0/0
  2911 | D:3      | Learned a level 2 spell: Poisonous Vapours
  3442 | D:3      | Reached * piety under Makhleb
  3787 | D:3      | Reached XP level 6. HP: 17/45 MP: 0/0
  4075 | D:3      | Found a shimmering altar of Xom.
  4081 | D:3      | Found a glowing golden altar of the Shining One.
  4086 | D:3      | Found an ornate altar of the Wu Jian Council.
  4443 | D:4      | Found a glowing drain.
  4460 | Sewer    | Entered a sewer
  4842 | Sewer    | Reached ** piety under Makhleb
  5156 | Sewer    | Reached XP level 7. HP: 26/50 MP: 0/0
  5156 | Sewer    | Learned a level 3 spell: Portal Projectile
  5874 | D:5      | Entered Level 5 of the Dungeon
  6150 | D:5      | Reached skill level 5 in Spellcasting
  6290 | D:5      | Found a stormy altar of Qazlal.
  6411 | D:5      | Reached *** piety under Makhleb
  6527 | D:5      | Found a staircase to the Ecumenical Temple.
  6610 | D:5      | Reached skill level 3 in Long Blades
  6610 | D:5      | Reached XP level 8. HP: 38/56 MP: 0/0
  7101 | D:5      | Found the +6 shillelagh "Devastator" {shatter}
  7828 | D:6      | Found a glowing silver altar of Zin.
  7828 | D:6      | Noticed an angel
  7931 | D:6      | Reached XP level 9. HP: 59/62 MP: 0/0
  7931 | D:6      | Learned a level 4 spell: Iskenderun's Mystic Blast
  8588 | D:6      | Found a white marble altar of Elyvilon.
  8887 | D:7      | Upgraded the game from 0.29-a0-338-g1ff7896281 to
                  | 0.29-a0-341-g24ffce5b50
  8906 | D:7      | Found a flagged portal.
  8922 | Bailey   | Entered a bailey
  8927 | Bailey   | Noticed an orc warlord
  9037 | Bailey   | Reached skill level 4 in Long Blades
  9190 | Bailey   | Reached **** piety under Makhleb
  9236 | Bailey   | Found a runed translucent gate.
  9237 | Bailey   | Found a runed translucent gate.
  9239 | Bailey   | Found a runed translucent gate.
  9488 | Bailey   | Noticed an orange demon
  9525 | Bailey   | Killed an orc warlord
  9526 | Bailey   | Reached skill level 5 in Fighting
  9526 | Bailey   | Reached skill level 1 in Invocations
  9526 | Bailey   | Reached XP level 10. HP: 41/70 MP: 0/0
  9546 | Bailey   | Identified the +12 great sword of the Illusory Artisans
                  | {venom, Fragile rF++ Int+8 Stlth+}
 10180 | D:7      | Reached skill level 5 in Armour
 11356 | D:7      | Acquired an amulet of regeneration
 11499 | D:8      | Reached skill level 5 in Long Blades
 11505 | D:8      | Reached skill level 5 in Dodging
 11683 | D:8      | Reached XP level 11. HP: 72/76 MP: 0/0
 11683 | D:8      | Learned a level 4 spell: Olgreb's Toxic Radiance
 11901 | D:8      | Reached skill level 6 in Long Blades
 12038 | D:9      | Found a staircase to the Lair.
 12072 | D:9      | Found a runed translucent gate.
 12072 | D:9      | Found a runed translucent gate.
 12072 | D:9      | Found a runed translucent gate.
 12072 | D:9      | Noticed a white ugly thing
 12073 | D:9      | Noticed a cyan ugly thing
 12073 | D:9      | Noticed a red ugly thing
 12409 | D:9      | Noticed a white ugly thing
 12409 | D:9      | Noticed a glowing orange brain
 12410 | D:9      | Noticed a purple ugly thing
 12748 | D:10     | Entered Level 10 of the Dungeon
 12797 | D:10     | Noticed a two-headed ogre
 12801 | D:10     | Killed a two-headed ogre
 12981 | D:10     | Reached ***** piety under Makhleb
 13109 | D:10     | Reached skill level 7 in Long Blades
 13474 | D:11     | Noticed a death yak
 13476 | D:11     | Noticed a death yak
 13878 | D:11     | Reached XP level 12. HP: 82/83 MP: 0/0
 13896 | D:11     | Noticed a two-headed ogre
 13909 | D:11     | Killed a two-headed ogre
 13910 | D:11     | Reached skill level 8 in Long Blades
 13917 | D:11     | Reached skill level 10 in Spellcasting
 14148 | D:11     | Noticed a minotaur
 14163 | D:11     | Killed a minotaur
 14163 | D:11     | Noticed a death yak
 14164 | D:11     | Identified the +3 steam dragon scales of the Garden {Will++
                  | Dex-4 Slay+5}
 14165 | D:11     | Noticed a death yak
 14170 | D:11     | Killed a death yak
 14170 | D:11     | Killed a death yak
 14271 | D:11     | Reached skill level 9 in Long Blades
 14382 | D:11     | Noticed a minotaur
 14384 | D:11     | Killed a death yak
 14387 | D:11     | Killed a death yak
 14400 | D:11     | Killed a minotaur
 14401 | D:11     | Reached XP level 13. HP: 18/90 MP: 0/0
 14401 | D:11     | Learned a level 5 spell: Irradiate
 14930 | Lair:1   | Entered Level 1 of the Lair of Beasts
 15524 | Lair:1   | Found a blossoming altar of Fedhas.
 15700 | Lair:2   | Reached skill level 1 in Stealth
 15846 | Lair:2   | Noticed a catoblepas
 15854 | Lair:2   | Killed a catoblepas
 16127 | Lair:2   | Reached skill level 10 in Long Blades
 16177 | Lair:2   | Found an ornate altar of the Wu Jian Council.
 16634 | Lair:3   | Reached ****** piety under Makhleb
 16663 | Lair:3   | Found a staircase to the Snake Pit.
 16690 | Lair:3   | Noticed a six-headed hydra
 16699 | Lair:3   | Killed an eight-headed hydra
 17432 | Lair:3   | Acquired a +2 triple sword of holy wrath
 17672 | Lair:4   | Identified the amulet of Uhor {Spirit rF+ rN++}
 17674 | Lair:4   | Identified the ring of Doubts {Will+ Str+4 Int-3 Dex+3}
 17724 | Lair:4   | Noticed a six-headed hydra
 17725 | Lair:4   | Upgraded the game from 0.29-a0-341-g24ffce5b50 to
                  | 0.29-a0-344-ge2f44be95a
 17731 | Lair:4   | Killed a six-headed hydra
 17748 | Lair:4   | Noticed a four-headed hydra
 17769 | Lair:4   | Killed a four-headed hydra
 17770 | Lair:4   | Reached XP level 14. HP: 88/97 MP: 0/0
 18640 | Lair:4   | Found a staircase to the Swamp.
 19057 | Lair:5   | Found a staircase to the Slime Pits.
 19515 | Lair:6   | Entered Level 6 of the Lair of Beasts
 19526 | Lair:6   | Reached skill level 11 in Long Blades
 19978 | Lair:6   | Identified the +8 plate armour "Leonaom" {rC+}
 20223 | Lair:6   | Found a runed translucent door.
 20366 | Lair:6   | Reached XP level 15. HP: 67/103 MP: 0/0
 20366 | Lair:6   | Learned a level 6 spell: Dispersal
 21061 | D:11     | Upgraded the game from 0.29-a0-344-ge2f44be95a to
                  | 0.29-a0-393-g47a863cc1b
 21061 | D:11     | Upgraded the game from 0.29-a0-393-g47a863cc1b to
                  | 0.29-a0-409-gd843f3a48c
 21061 | D:11     | Upgraded the game from 0.29-a0-409-gd843f3a48c to
                  | 0.29-a0-414-g5075937ec3
 21856 | D:12     | Found a staircase to the Orcish Mines.
 22226 | D:12     | Reached skill level 5 in Stealth
 22226 | D:12     | Reached XP level 16. HP: 111/111 MP: 0/0
 22238 | D:13     | Reached skill level 12 in Long Blades
 23191 | D:14     | Found Weiggaweja's Antique Armour Boutique.
 23468 | D:14     | Found a gate to the Vaults.
 23766 | D:14     | Reached XP level 17. HP: 111/117 MP: 0/0
 23766 | D:14     | Learned a level 6 spell: Summon Cactus Giant
 24156 | D:14     | Reached skill level 10 in Dodging
 24307 | Orc:1    | Entered Level 1 of the Orcish Mines
 24383 | Orc:1    | Found a transporter.
 24384 | Orc:1    | Found an ornate altar of the Wu Jian Council.
 24395 | Orc:1    | Noticed Josephine
 24399 | Orc:1    | Killed Josephine
 24432 | Orc:1    | Found a transporter.
 24439 | Orc:1    | Found a transporter.
 24459 | Orc:1    | Found a transporter.
 24460 | Orc:1    | Found an ornate altar of the Wu Jian Council.
 24871 | Orc:1    | Reached skill level 13 in Long Blades
 25096 | Orc:2    | Entered Level 2 of the Orcish Mines
 25123 | Orc:2    | Found a staircase to the Elven Halls.
 25184 | Orc:2    | Found a gate leading to a gauntlet.
 25195 | Gauntlet | Entered a Gauntlet
 25195 | Gauntlet | Found a transporter.
 25195 | Gauntlet | Found a transporter.
 25201 | Gauntlet | Found a transporter.
 25201 | Gauntlet | Found a transporter.
 25211 | Gauntlet | Found a transporter.
 25215 | Gauntlet | Found a large runed translucent door.
 25228 | Gauntlet | Found a transporter.
 25234 | Gauntlet | Found a transporter.
 25234 | Gauntlet | Found a transporter.
 25238 | Gauntlet | Found a transporter.
 25265 | Gauntlet | Found a transporter.
 25272 | Gauntlet | Found a transporter.
 25290 | Gauntlet | Found a transporter.
 25335 | Gauntlet | Found a transporter.
 25357 | Gauntlet | Found a transporter.
 25451 | Gauntlet | Found a transporter.
 25453 | Gauntlet | Found a large runed translucent door.
 25453 | Gauntlet | Found a large runed translucent door.
 25454 | Gauntlet | Found a large runed translucent door.
 25454 | Gauntlet | Found a large runed translucent door.
 25455 | Gauntlet | Found a runed translucent door.
 25455 | Gauntlet | Found a large runed translucent door.
 25455 | Gauntlet | Found a runed translucent door.
 25455 | Gauntlet | Found a large runed translucent door.
 25455 | Gauntlet | Found a large runed translucent door.
 25456 | Gauntlet | Found a large runed translucent door.
 25456 | Gauntlet | Found a large runed translucent door.
 25459 | Gauntlet | Found a large runed translucent door.
 25459 | Gauntlet | Found a large runed translucent door.
 25461 | Gauntlet | Found a large runed translucent door.
 25461 | Gauntlet | Found a large runed translucent door.
 25461 | Gauntlet | Found a large runed translucent door.
 25463 | Gauntlet | Found a runed translucent gate.
 25463 | Gauntlet | Found a runed translucent gate.
 25463 | Gauntlet | Found a runed translucent gate.
 25465 | Gauntlet | Found a transporter.
 25476 | Gauntlet | Found a large runed translucent door.
 25647 | Gauntlet | Identified the +0 pair of gloves "Liwedgh Sido" {rElec
                  | rPois rC+ Str-4}
 25784 | Gauntlet | Identified the +0 dire flail of the Unliving {pain, rPois
                  | Int+4}
 26087 | Orc:2    | Noticed Erolcha
 26094 | Orc:2    | Killed Erolcha
 26358 | Orc:2    | Found Tuqiru's Armour Shop.
 26441 | Orc:2    | Found Lakhludwy's General Store.
 26545 | Orc:2    | Found Tinoom's Antique Weapon Shoppe.
 26549 | Orc:2    | Found Utei's Antique Armour Emporium.
 26986 | D:14     | Identified the ring of Waprogg {rPois rF- rC+ rN++ EV+4}
 27107 | Elf:1    | Entered Level 1 of the Elven Halls
 27179 | Elf:1    | Reached skill level 10 in Fighting
 27179 | Elf:1    | Reached skill level 14 in Long Blades
 27236 | Elf:1    | Reached skill level 10 in Armour
 27949 | Elf:1    | Reached XP level 18. HP: 91/126 MP: 0/0
 28037 | Elf:1    | Acquired a manual of Fighting
 28078 | Elf:1    | Found a runed translucent door.
 28078 | Elf:1    | Noticed Sat's ghost (journeyman HOBe)
 28177 | Elf:1    | Reached skill level 15 in Long Blades
 28308 | Elf:1    | Found Gihudghev's Assorted Antiques.
 28321 | Elf:1    | Bought a scroll labelled MUFEUJ SYAJAX for 32 gold pieces
 28324 | Elf:1    | Bought a potion of might for 128 gold pieces
 28324 | Elf:1    | Bought a scroll of blinking for 240 gold pieces
 28674 | Elf:2    | Found a portal to a secret trove of treasure.
 28806 | Elf:2    | You paid a toll of 15 scrolls of teleportation to enter a
                  | treasure trove
 28807 | Trove    | Entered a treasure trove
 28825 | Trove    | Identified the +11 triple sword "Gost" {speed, Str+3}
 28842 | Trove    | Identified the +4 long sword of the Present {holy, Fly
                  | rCorr}
 28849 | Trove    | Identified the +1 lajatang "Caqumug" {vorpal, *Rage Fly
                  | Will++}
 28867 | Trove    | Identified the +3 great sword of Kehoxt {flame, Will+}
 28871 | Trove    | Identified the +6 demon blade of the Hidden Vale {pain,
                  | *Slow rElec rC+ Will+}
 28890 | Trove    | Identified the +1 short sword of Vytupasue {vorpal, rPois}
 28900 | Trove    | Identified the +2 spear "Laseex" {drain, rF+ Will+}
 28911 | Trove    | Identified the +5 quarterstaff "Zitzuc" {drain, rC+}
 29340 | Elf:2    | Found a runed translucent gate.
 29340 | Elf:2    | Found a runed translucent gate.
 29340 | Elf:2    | Found a runed translucent gate.
 29567 | Elf:2    | Noticed a deep elf blademaster
 29574 | Elf:2    | Reached skill level 16 in Long Blades
 29576 | Elf:2    | Killed a deep elf blademaster
 29654 | Elf:2    | Noticed Donald
 29668 | Elf:2    | Mangled by a +3 vampiric lajatang

Illustrated notes

Levels and vault maps discovered:
D:1:      roderic_chinese_lattice_arrival, layout_loops_ring,
          chequers_ecumenical_altar_simple_redux, minmay_tetromino_t4
D:2:      layout_loops_ring, basic_altar, nicolae_figureground_pulse
D:3:      layout_basic, minmay_overflow_temple_star_quad,
          nemelex_xobeh_ov_fountains_minmay, minmay_cupped, uniq_jessica
D:4:      layout_rooms, portal_sewer_entry_a
D:5:      layout_loops_corners, gammafunk_temple_overflow_wave,
          minmay_temple_entry_statues_fountains
D:6:      layout_loops_ring, lemuel_coloured_pillars_altar, zin_angel
D:7:      layout_gridville, enter_bailey_5, serial_bayou, serial_bayou_shore_b,
          serial_bayou_crossing, serial_bayou_shore_a, serial_bayou_lake_a,
          serial_bayou_lagoon_a
D:8:      layout_basic, serial_undead, serial_undead_c, serial_undead_c,
          serial_undead_f, serial_undead_c, serial_undead_c, serial_undead_c,
          serial_undead_e, serial_undead_d, serial_undead_b, serial_undead_d
D:9:      layout_gridville, marbit_many_paths, lair_entry_dummy,
          ploomutoo_gammafunk_ghost_potion_laboratory
D:10:     layout_roguey, nrook_pool_corridor
D:11:     fort_yaktaur, layout_basic
D:12:     layout_grid_maze, orc_0_dummy, chequers_serial_rivers_marsh,
          unseen_surprise_small
D:13:     layout_rooms, special_room [special_room_orc]
D:14:     cheibrodos_tormentor_scu, layout_basic, grunt_vaults_entry_tiered,
          serial_park_square3 [serial_park_minivault_5x5_5], serial_shops,
          nicolae_shop_hallway_plus
Lair:1:   layout_long_grid, hangedman_tree_tricks, grunt_megastairs_3
Lair:2:   layout_gridlike, basic_altar, serial_bayou_pond_b, minivault_11,
          chequers_serial_rivers_micro_d, nicolae_quartered_pool_super
Lair:3:   layout_layer_cave, minmay_snake_entry_guardpost_small, serial_forest,
          infiniplex_forest_corner_1, infiniplex_forest_end_1,
          infiniplex_forest_end_2, infiniplex_forest_corner_1,
          infiniplex_forest_clump_diagonal, infiniplex_forest_end_3,
          infiniplex_forest_zigzag_1, beast_lair_carwin_2,
          infiniplex_staircase_pool
Lair:4:   layout_regular_city, palyth_hydra_swamp_entry, st_stairs_12,
          minmay_lindwurm_lava
Lair:5:   layout_roguey, nicolae_slime_entry_slimehenge
Lair:6:   wormcave, layout_cave_shapes, guppyfry_lair_end_dragon,
          grunt_megastairs_2, serial_bayou_shore_b
Orc:1:    dreamdust_wu_jian_sword_trials, layout_caves, basic_altar,
          lemuel_statue_altar, minmay_orc_keep, uniq_josephine
Orc:2:    grunt_orc_community_town_hall, layout_caves,
          grunt_orc_community_big_house_1, grunt_orc_community_big_house_1,
          grunt_orc_community_house_2, grunt_orc_community_house_1,
          grunt_orc_community_house_1, grunt_orc_community_house_3,
          grunt_orc_community_house_1, gauntlet_entry_generic,
          nicolae_orc_rockfall, mines2_david, uniq_erolcha
Elf:1:    nicolae_elf_arrival_no_cutting_in_line, layout_onion_city,
          hellmonk_ghost_happy_afterlife, serial_sigils,
          serial_sigils_hangedman_leer, serial_shops, nicolae_diamond_shop,
          kennysheep_underground_church, minivault_16
Elf:2:    elven_hall_of_blades_hangedman_original [nicolae_blade_bullseye],
          layout_geoelf_diagonals, nicolae_trove_entry_free_sample, uniq_donald

Skill      XL: |  1  2  3  4  5  6  7  8  9 10 11 12 13 14 15 16 17 18 |
---------------+-------------------------------------------------------+-----
Long Blades    | 2 3 4 5 7 9 10 11 12 14 16 | 16.2
Spellcasting   | 3 4 5 6 7 8 9 10 11 12 13 14 | 14.2
Armour         | 2 3 4 5 6 7 8 9 10 | 10.7
Dodging        | 3 4 5 6 7 8 9 10 11 | 11.1
Fighting       | 3 4 5 6 7 8 9 10 11 | 11.8
Invocations    | 1 3 4 |  4.0
Stealth        | 2 4 5 |  5.9
Throwing       | |  0.7

Action                   |  1- 3 |  4- 6 |  7- 9 | 10-12 | 13-15 | 16-18 || total
-------------------------+-------+-------+-------+-------+-------+-------++-------
Melee: Falchion          |    15 |       |       |       |       |       ||    15
       Short sword       |    97 |   239 |   255 |       |       |       ||   591
       Punch             |     1 |       |       |       |       |       ||     1
       Great sword       |       |       |       |   301 |   449 |   969 ||  1719
       Triple sword      |       |       |       |       |       |   131 ||   131
Throw: Boomerang         |       |       |       |       |    14 |       ||    14
 Cast: Summon Small Mamm |     4 |    16 |    12 |     3 |     1 |       ||    36
       Poisonous Vapours |       |    58 |    76 |    16 |       |       ||   150
       Blink             |       |     2 |    10 |       |       |     7 ||    19
       Manifold Assault  |       |       |       |   131 |   240 |   635 ||  1006
       Iskenderun's Myst |       |       |       |    12 |     4 |       ||    16
       Olgreb's Toxic Ra |       |       |       |    17 |    41 |     4 ||    62
       Irradiate         |       |       |       |       |    11 |       ||    11
       Dispersal         |       |       |       |       |       |     5 ||     5
       Summon Cactus Gia |       |       |       |       |       |     3 ||     3
Invok: Minor Destruction |       |       |     3 |       |     8 |       ||    11
       Lesser Servant of |       |       |     4 |       |     3 |       ||     7
Evoke: Wand              |       |     1 |       |       |       |       ||     1
       Phial of floods   |       |       |       |       |     1 |       ||     1
  Use: Scroll            |       |     4 |     5 |     1 |    20 |    10 ||    40
       Potion            |       |       |       |       |     1 |     2 ||     3
 Stab: Sleeping          |       |       |     1 |     6 |     1 |     1 ||     9
Armor: Leather armour    |     6 |       |       |       |       |       ||     6
       Ring mail         |    29 |    64 |    66 |    47 |    63 |       ||   269
       Steam dragon scal |       |       |       |       |     3 |    40 ||    43
Dodge: Dodged            |    47 |   118 |   109 |    62 |   175 |   128 ||   639
Block: Buckler           |       |    22 |    51 |       |       |       ||    73

Table legend: (Time is in decaauts)
 A = Elapsed time spent in this place.
 B = Non-inter-level travel time spent in this place.
 C = Inter-level travel time spent in this place.
 D = Time resting spent in this place.
 E = Time spent auto-exploring this place.
 F = Levels seen in this place.
 G = Mean time per level.
                   A        B        C        D        E       F      G
               +--------+--------+--------+--------+--------+-----+--------+
         Total |  29678 |  27769 |   1909 |   1087 |  21425 |  28 | 1059.9 |
       Dungeon |  16837 |  15571 |   1266 |    862 |  12164 |  14 | 1202.6 |
          Lair |   6123 |   5742 |    381 |    108 |   4812 |   6 | 1020.5 |
  Orcish Mines |   1980 |   1776 |    204 |     29 |   1337 |   2 |  990.0 |
   Elven Halls |   2388 |   2332 |     56 |     75 |   1735 |   2 | 1194.0 |
         Trove |    141 |    141 |      0 |      0 |     27 |   1 |  141.0 |
         Sewer |    832 |    832 |      0 |      0 |    601 |   1 |  832.0 |
        Bailey |    748 |    748 |      0 |      0 |    447 |   1 |  748.0 |
      Gauntlet |    625 |    625 |      0 |     13 |    302 |   1 |  625.0 |
               +--------+--------+--------+--------+--------+-----+--------+

Top non-repeatable levels by time:
     D:1: 1802 daAuts
    D:11: 1602 daAuts
     D:5: 1485 daAuts
     D:7: 1463 daAuts
     D:6: 1429 daAuts
   Elf:1: 1408 daAuts
  Lair:6: 1354 daAuts
    D:12: 1304 daAuts
     D:3: 1293 daAuts
  Lair:3: 1242 daAuts
   Orc:2: 1176 daAuts
    D:14: 1140 daAuts
     D:2: 1117 daAuts
     D:4: 1090 daAuts
  Lair:4: 1066 daAuts
